 Dungeon Crawl Stone Soup version 0.17-b1-18-g553e9fc (webtiles) character file.

810 Kloppie the Covert (level 7, -1/46 HPs)
             Began as a Vampire Enchanter on Nov 4, 2015.
             Slain by an orc priest
             ... wielding a +0 hand axe of electrocution
              (15 damage)
             ... on level 4 of the Dungeon.
             The game lasted 00:09:17 (3841 turns).

Kloppie the Covert (Vampire Enchanter)              Turns: 3841, Time: 00:09:17

Health: -1/46      AC:  4    Str:  7    XL:     7   Next: 61%
Magic:  8/10       EV: 13    Int: 17    God:
Gold:   159        SH:  0    Dex: 17    Spells: 3 memorised, 4 levels left

rFire  . . .     SeeInvis +     a - +1 dagger
rCold  . . .     Clarity  .     b - +1 robe
rNeg   + . .     SustAt   .     (no shield)
rPois  .         Gourm    .     (no helmet)
rElec  .         Spirit   .     (no cloak)
rCorr  .         Warding  .     (no gloves)
rMut   .         Stasis   .     m - +0 pair of boots
MR     .....                    (no amulet)
Stlth  +++++.....               (no ring)
                                (no ring)

@: not resistant to hostile enchantments, quite stealthy
A: fangs 3, see invisible, unbreathing
a: Bat Form


You were on level 4 of the Dungeon.
You were not thirsty.

You visited 1 branch of the dungeon, and saw 4 of its levels.

You collected 159 gold pieces.

Inventory:

Hand Weapons
 a - a +1 dagger (weapon)
Armour
 b - a +1 robe (worn)
 m - a +0 pair of boots (worn)
Jewellery
 e - an uncursed ring of protection from magic {unknown}
Scrolls
 d - a scroll of blinking {unknown}
 f - 6 scrolls of teleportation {unknown}
 k - 2 scrolls of identify {unknown}
 l - a scroll of random uselessness {unknown}
 n - a scroll of remove curse {unknown}
Potions
 g - a potion of degeneration {unknown}
 h - 3 potions of brilliance {unknown}
 i - 3 potions of curing {unknown}
 j - a potion of agility {unknown}
 o - a potion of might {unknown}
 p - a potion of heal wounds {unknown}
Books
 c - a book of Maledictions

   Spells                             Type                      Level
   a - Corona                         Hexes                        1
   b - Ensorcelled Hibernation        Hexes/Ice                    2
   c - Confuse                        Hexes                        3
   d - Tukima's Dance                 Hexes                        3
   e - Dazzling Spray                 Conjuration/Hexes            3


   Skills:
 + Level 5.7 Short Blades
 - Level 2.1 Dodging
 + Level 9.4 Stealth
 - Level 2.0 Spellcasting
 + Level 7.4 Hexes


You had 4 spell levels left.
You knew the following spells:

 Your Spells              Type           Power        Failure   Level  Hunger
a - Corona                Hex            ####...      1%          1    #......
b - Ensorcelled Hibernat  Hex/Ice        ##....       10%         2    ###....
c - Confuse               Hex            ####....     3%          3    ###....


Dungeon Overview and Level Annotations

Branches:
Dungeon (4/15)
 Temple: D:4-7

Altars:
Cheibriados
Fedhas
Kikubaaqudgha
Okawaru
Trog


Innate Abilities, Weirdness & Mutations

You have razor-sharp teeth.
You have supernaturally acute eyesight.
You can survive without breathing.


Message History

The ooze barely misses you.
You hit the ooze.
You kill the ooze!
The orc priest calls down the wrath of Beogh upon you.
Something smites you!
* * * LOW HITPOINT WARNING * * *
The orc priest hits you with a hand axe of electrocution.
* * * LOW HITPOINT WARNING * * *
You hit the orc priest.
The orc priest is lightly wounded.
Casting: Ensorcelled Hibernation
Confirm with . or Enter, or press ? or * to list all spells.
Aiming: Ensorcelled Hibernation
Press: ? - help, Shift-Dir - straight line, f - orc priest
Aim: an orc priest, wielding a hand axe of electrocution (lightly wounded, chance to defeat MR: 45%)
The orc priest resists with some effort.
The orc priest hits you with a hand axe of electrocution.
* * * LOW HITPOINT WARNING * * *
You are electrocuted!
You die...

......# #.#
#.# ......#
#.# #.#
####### #.#
#.# #.# ###.#
#########.###
#...#
#...........#
#.###
#...........#
#.#
#...........#
#.#
#...........#
#@#
............#
#o#
#...........#
#.#
#.........(.#
#.#
............#
#.#
#...........#
#.#
######.######
#.#
#.........#
#.#
#.........#


You could see an orc priest.

Vanquished Creatures
  The ghost of Elizilla the Ruffian, an amateur TrMo (D:4)
  A water moccasin (D:3)
  2 ogres (D:4)
  A giant frog skeleton (D:4)
  An orc priest (D:4)
  Jessica (D:2)
  An orc wizard (D:3)
  4 worker ants (D:4)
  7 adders
  3 oozes
  4 worms
  3 giant geckos
  7 orcs
  7 giant cockroaches
  5 goblins
  11 hobgoblins
  2 quokkas
  5 bats
  A giant gecko skeleton (D:4)
  5 giant newts
  3 jackals (D:4)
  7 kobolds
  12 rats
94 creatures vanquished.

Notes
Turn   | Place    | Note
--------------------------------------------------------------
     0 | D:1      | Kloppie the Vampire Enchanter began the quest for the Orb.
     0 | D:1      | Reached XP level 1. HP: 13/13 MP: 3/3
   431 | D:1      | Reached skill level 5 in Stealth
   431 | D:1      | Reached XP level 2. HP: 13/19 MP: 3/5
   903 | D:2      | Found a bloodstained altar of Trog.
   922 | D:2      | Reached XP level 3. HP: 16/24 MP: 3/6
   950 | D:2      | Learned a level 2 spell: Ensorcelled Hibernation
   964 | D:2      | Learned a level 3 spell: Confuse
  1004 | D:2      | Noticed Jessica
  1014 | D:2      | Killed Jessica
  1027 | D:2      | Reached skill level 6 in Stealth
  1073 | D:2      | Reached XP level 4. HP: 30/30 MP: 7/7
  1825 | D:3      | Noticed a water moccasin
  1834 | D:3      | Killed a water moccasin
  1834 | D:3      | Reached skill level 7 in Stealth
  1834 | D:3      | Reached skill level 5 in Hexes
  1834 | D:3      | Reached XP level 5. HP: 35/35 MP: 8/8
  2355 | D:3      | Reached XP level 6. HP: 41/41 MP: 9/9
  2537 | D:3      | Found an ancient bone altar of Kikubaaqudgha.
  2539 | D:3      | Found a blossoming altar of Fedhas.
  2716 | D:3      | Found an iron altar of Okawaru.
  3078 | D:4      | Noticed Elizilla's ghost (amateur TrMo)
  3099 | D:4      | Killed Elizilla's ghost
  3099 | D:4      | Reached skill level 8 in Stealth
  3187 | D:4      | Reached skill level 5 in Short Blades
  3187 | D:4      | Reached XP level 7. HP: 46/46 MP: 5/10
  3215 | D:4      | Found a snail-covered altar of Cheibriados.
  3286 | D:4      | Reached skill level 9 in Stealth
  3841 | D:4      | Slain by an orc priest

Action                   |  1- 3 |  4- 6 |  7- 9 || total
-------------------------+-------+-------+-------++-------
Melee: Dagger            |    85 |   150 |    55 ||   290
 Cast: Corona            |     5 |       |       ||     5
       Ensorcelled Hiber |       |     9 |     7 ||    16
       Confuse           |       |     3 |       ||     3
 Stab: Sleeping          |    13 |    25 |     9 ||    47
       Distracted        |     1 |       |       ||     1
       Confused          |       |     2 |       ||     2
  Eat: Corpse            |     4 |     4 |     2 ||    10
